General information
- name: BNet
- type: Ladder team game (AT/RT)
- host: Battle.net
- saver: 3v4
map: DragonFalls
- players: 8
- length: 14:09
- speed: Fast
- version: 1.28 W3XP
- replay type: Public
» download(91 KB)
Players
team 1 (loser)
Tearer (
purple | 59 APM | 830 actions | 14:08)
5 Goblin Tinker
3 Pocket Factory
2 Engineering Upgrade
» actions
| Assign group hotkey | 16 | |
| Basic commands | 53 | |
| Build / train | 107 | |
| Enter build submenu | 26 | |
| Enter hero's abilities submenu | 5 | |
| Give item / drop item | 1 | |
| Right click | 328 | |
| Select / deselect | 155 | |
| Select group hotkey | 99 | |
| Use ability | 40 | |
830 total
» units
| Wisp | 27 | |
| Archer | 8 | |
| Goblin Shredder | 8 | |
| Druid of the Talon | 3 | |
| Chimaera | 4 | |
50 total
» upgrades
| Improved Bows | 1 | |
| Strength of the Moon | 1 | |
| Marksmanship | 1 | |
| Nature's Blessing | 1 | |
| Well Spring | 1 | |
| Reinforced Hides | 2 | |
| Druid of the Talon Training | 2 | |
| Strength of the Wild | 2 | |
| Corrosive Breath | 1 | |
| Mark of the Talon | 1 | |
13 total
» buildings
| Moon Well | 9 | |
| Ancient of War | 1 | |
| Altar of Elders | 1 | |
| Tree of Ages | 4 | |
| Tree of Life | 1 | |
| Hunter's Hall | 1 | |
| Tree of Eternity | 4 | |
| Ancient Protector | 5 | |
| Ancient of Wind | 2 | |
| Ancient of Wonders | 1 | |
| Chimaera Roost | 4 | |
33 total
» build order
00:20 Moon Well
00:35 Ancient of War
01:15 Altar of Elders
01:29 Moon Well
02:48 Tree of Ages
02:48 Tree of Ages
02:48 Tree of Ages
03:23 Tree of Life
04:01 Moon Well
04:57 Hunter's Hall
05:10 Tree of Eternity
05:10 Tree of Eternity
05:10 Tree of Eternity
05:10 Tree of Eternity
06:04 Ancient Protector
07:36 Ancient of Wind
07:50 Ancient Protector
08:18 Moon Well
08:57 Moon Well
09:25 Ancient of Wonders
09:28 Moon Well
10:08 Chimaera Roost
10:12 Chimaera Roost
10:16 Chimaera Roost
10:39 Ancient Protector
10:59 Ancient Protector
11:03 Ancient Protector
11:28 Ancient of Wind
11:34 Moon Well
11:57 Chimaera Roost
12:12 Moon Well
12:16 Moon Well
» items
erusdiko (
yellow | 57 APM | 807 actions | 14:08)
4 Death Knight
2 Death Coil
2 Unholy Aura
2 Lich
1 Frost Nova
1 Frost Armor
» actions
| Assign group hotkey | 22 | |
| Basic commands | 36 | |
| Build / train | 47 | |
| ESC pressed | 3 | |
| Enter build submenu | 23 | |
| Enter hero's abilities submenu | 6 | |
| Give item / drop item | 1 | |
| Right click | 147 | |
| Select / deselect | 130 | |
| Select group hotkey | 340 | |
| Use ability | 52 | |
807 total
» units
| Acolyte | 9 | |
| Ghoul | 3 | |
| Crypt Fiend | 5 | |
| Goblin Shredder | 1 | |
| Frost Wyrm | 2 | |
| Obsidian Statue | 2 | |
22 total
» upgrades
| Creature Attack | 2 | |
| Web | 1 | |
| Creature Carapace | 1 | |
4 total
» buildings
| Graveyard | 2 | |
| Crypt | 2 | |
| Ziggurat | 8 | |
| Altar of Darkness | 1 | |
| Tomb of Relics | 2 | |
| Nerubian Tower | 2 | |
| Halls of the Dead | 1 | |
| Necropolis | 1 | |
| Spirit Tower | 6 | |
| Black Citadel | 1 | |
| Sacrificial Pit | 1 | |
| Boneyard | 2 | |
| Slaughterhouse | 1 | |
30 total
» build order
00:07 Graveyard
00:15 Graveyard
00:18 Crypt
00:35 Ziggurat
00:52 Altar of Darkness
01:09 Tomb of Relics
01:47 Ziggurat
02:20 Nerubian Tower
03:39 Ziggurat
05:40 Halls of the Dead
06:31 Ziggurat
06:35 Ziggurat
06:37 Ziggurat
06:40 Ziggurat
06:43 Ziggurat
06:47 Necropolis
06:53 Tomb of Relics
07:15 Crypt
07:32 Spirit Tower
07:33 Spirit Tower
07:34 Spirit Tower
07:37 Nerubian Tower
08:33 Black Citadel
10:07 Sacrificial Pit
10:57 Spirit Tower
11:05 Spirit Tower
11:05 Spirit Tower
12:21 Boneyard
12:24 Boneyard
12:34 Slaughterhouse
» items
| Rod of Necromancy | 1 | |
| Scroll of Regeneration | 1 | |
| Lesser Clarity Potion | 1 | |
3 total

»
arogon (
orange | 81 APM | 1145 actions | 14:08)
4 Archmage
2 Summon Water Elemental
2 Brilliance Aura
» actions
| Assign group hotkey | 19 | |
| Basic commands | 8 | |
| Build / train | 40 | |
| Enter build submenu | 20 | |
| Enter hero's abilities submenu | 4 | |
| Right click | 593 | |
| Select / deselect | 346 | |
| Select group hotkey | 63 | |
| Use ability | 52 | |
1145 total
» units
| Peasant | 6 | |
| Footman | 6 | |
| Rifleman | 5 | |
| Goblin Shredder | 1 | |
| Spell Breaker | 6 | |
24 total
» upgrades
| Defend | 1 | |
| Swords | 2 | |
| Masonry | 1 | |
| Plating | 1 | |
| Gunpowder | 1 | |
6 total
» buildings
| Altar of Kings | 1 | |
| Farm | 12 | |
| Barracks | 1 | |
| Scout Tower | 1 | |
| Arcane Vault | 1 | |
| Arcane Tower | 1 | |
| Lumber Mill | 1 | |
| Blacksmith | 1 | |
| Keep | 1 | |
| Arcane Sanctum | 2 | |
22 total
» build order
00:06 Altar of Kings
00:10 Farm
00:47 Farm
01:01 Barracks
01:58 Scout Tower
02:05 Arcane Vault
02:16 Farm
02:35 Arcane Tower
03:09 Lumber Mill
03:18 Blacksmith
04:17 Farm
04:29 Keep
05:12 Farm
05:46 Farm
06:41 Farm
07:04 Arcane Sanctum
07:06 Arcane Sanctum
10:49 Farm
10:50 Farm
12:35 Farm
12:35 Farm
14:04 Farm
» items
| Mechanical Critter | 1 | |
| Scroll of Regeneration | 1 | |
2 total
QuickSilver88 (
blue | 37 APM | 527 actions | 14:08)
4 Blademaster
2 Wind Walk
2 Critical Strike
» actions
| Assign group hotkey | 9 | |
| Basic commands | 2 | |
| Build / train | 46 | |
| Enter build submenu | 22 | |
| Enter hero's abilities submenu | 4 | |
| Right click | 203 | |
| Select / deselect | 192 | |
| Select group hotkey | 20 | |
| Use ability | 29 | |
527 total
» units
| Peon | 18 | |
| Grunt | 6 | |
| Tauren | 2 | |
| Shaman | 2 | |
| Troll Witch Doctor | 1 | |
29 total
» upgrades
| Armor | 2 | |
| Melee Weapons | 2 | |
| Shaman Training | 2 | |
| Witch Doctor Training | 2 | |
| Pillage | 1 | |
9 total
» buildings
| Altar of Storms | 1 | |
| Orc Burrow | 7 | |
| War Mill | 2 | |
| Watch Tower | 4 | |
| Barracks | 1 | |
| Voodoo Lounge | 1 | |
| Great Hall | 1 | |
| Stronghold | 1 | |
| Spirit Lodge | 2 | |
| Fortress | 1 | |
| Tauren Totem | 2 | |
23 total
» build order
00:09 Altar of Storms
00:12 Orc Burrow
00:44 War Mill
01:19 Orc Burrow
02:00 Watch Tower
02:12 Barracks
02:29 Watch Tower
03:21 Voodoo Lounge
03:34 Orc Burrow
03:46 Watch Tower
05:08 Great Hall
05:55 Stronghold
07:03 Orc Burrow
08:10 Watch Tower
08:39 Spirit Lodge
08:42 Spirit Lodge
08:47 Fortress
10:23 Orc Burrow
11:12 Tauren Totem
11:15 Tauren Totem
12:19 Orc Burrow
13:19 Orc Burrow
13:34 War Mill
» items
team 2 (winner)
3v4 (
red | 28 APM | 402 actions | 14:09)
1 Tauren Chieftain
1 Endurance Aura
» actions
| Assign group hotkey | 10 | |
| Basic commands | 44 | |
| Build / train | 25 | |
| Enter build submenu | 4 | |
| Enter hero's abilities submenu | 1 | |
| Give item / drop item | 3 | |
| Remove unit from queue | 1 | |
| Right click | 234 | |
| Select / deselect | 63 | |
| Select group hotkey | 8 | |
| Use ability | 9 | |
402 total
» units
» buildings
| Altar of Storms | 1 | |
| Orc Burrow | 1 | |
| Barracks | 1 | |
| War Mill | 1 | |
| Stronghold | 1 | |
5 total
» build order
00:44 Altar of Storms
00:47 Orc Burrow
01:35 Barracks
03:04 War Mill
05:41 Stronghold
» items
| Scroll of Town Portal | 3 | |
| Boots of Speed | 1 | |
| Periapt of Vitality | 1 | |
| Potion of Healing | 2 | |
| Potion of Invisibility | 2 | |
9 total
Gospel- (
pink | 162 APM | 1796 actions | 11:04)
3 Far Seer
2 Feral Spirit
1 Chain Lighting
1 Keeper of the Grove
1 Entangling Roots
» actions
| Assign group hotkey | 26 | |
| Basic commands | 39 | |
| Build / train | 29 | |
| Enter build submenu | 8 | |
| Enter hero's abilities submenu | 5 | |
| Give item / drop item | 7 | |
| Remove unit from queue | 5 | |
| Right click | 409 | |
| Select / deselect | 159 | |
| Select group hotkey | 1078 | |
| Use ability | 31 | |
1796 total
» units
» buildings
| Altar of Storms | 2 | |
| Orc Burrow | 3 | |
| Barracks | 1 | |
| Voodoo Lounge | 1 | |
| War Mill | 1 | |
| Stronghold | 1 | |
9 total
» build order
00:24 Altar of Storms
00:25 Orc Burrow
00:27 Altar of Storms
01:09 Barracks
02:13 Orc Burrow
02:26 Voodoo Lounge
02:41 War Mill
03:32 Stronghold
04:11 Orc Burrow
» items
| Boots of Speed | 1 | |
| Potion of Mana | 2 | |
| Potion of Healing | 1 | |
| Healing Salve | 1 | |
5 total

»
Welliton (
teal | 49 APM | 373 actions | 07:40)
2 Demon Hunter
1 Evasion
1 Mana Burn
» actions
| Assign group hotkey | 8 | |
| Build / train | 34 | |
| Enter build submenu | 12 | |
| Enter hero's abilities submenu | 2 | |
| Give item / drop item | 2 | |
| Right click | 114 | |
| Select / deselect | 93 | |
| Select group hotkey | 97 | |
| Use ability | 11 | |
373 total
» units
» upgrades
» buildings
| Altar of Elders | 1 | |
| Moon Well | 3 | |
| Ancient of War | 1 | |
| Ancient of Wonders | 1 | |
| Tree of Ages | 2 | |
| Tree of Life | 1 | |
| Hunter's Hall | 1 | |
| Ancient of Wind | 2 | |
| Tree of Eternity | 1 | |
13 total
» build order
00:13 Altar of Elders
00:26 Moon Well
00:36 Ancient of War
01:36 Moon Well
01:54 Ancient of Wonders
03:14 Tree of Ages
03:58 Tree of Life
04:17 Moon Well
05:13 Hunter's Hall
05:39 Ancient of Wind
05:42 Ancient of Wind
06:43 Tree of Eternity
» items
humans-are-rats (
green | 38 APM | 534 actions | 14:08)
1 Blademaster
1 Critical Strike
2 Shadow Hunter
1 Hex
1 Healing Wave
» actions
| Assign group hotkey | 7 | |
| Basic commands | 10 | |
| Build / train | 37 | |
| Enter build submenu | 10 | |
| Enter hero's abilities submenu | 3 | |
| Remove unit from queue | 3 | |
| Right click | 97 | |
| Select / deselect | 89 | |
| Select group hotkey | 241 | |
| Use ability | 36 | |
534 total
» units
» upgrades
» buildings
| Orc Burrow | 4 | |
| Altar of Storms | 1 | |
| Voodoo Lounge | 1 | |
| Barracks | 1 | |
| Stronghold | 1 | |
| Beastiary | 1 | |
9 total
» build order
00:50 Orc Burrow
00:55 Altar of Storms
01:10 Voodoo Lounge
01:25 Barracks
01:35 Orc Burrow
03:06 Orc Burrow
04:33 Stronghold
06:29 Orc Burrow
07:25 Beastiary
» items
| Healing Salve | 1 | |
| Lesser Clarity Potion | 1 | |
| Scroll of Speed | 2 | |
| Potion of Healing | 1 | |
| Scroll of Town Portal | 1 | |
| Potion of Invisibility | 1 | |
| Potion of Lesser Invulnerability | 1 | |
| Staff of Teleportation | 2 | |
| Boots of Speed | 1 | |
| Circlet of Nobility | 1 | |
12 total
Chat log
(00:16 / Allies) Gospel-: We can leave.
(00:34 / Allies) Gospel-: He won't play.
(02:07 / Allies) Gospel-: You take teal?
(05:11 / Allies) Gospel-: ..
(05:16 / Allies) Gospel-: I'm out.
(05:40 / Allies) Gospel-: He's stealing all tomes, all items and the expand.
(05:43 / Allies) Gospel-: Gg.
(05:57 / Allies) 3v4: What a baby
(06:10 / Allies) Gospel-: He doesn't need mana potion.
(06:10 / Allies) humans-are-rats: red bitch make units
(06:27 / Allies) 3v4: yes he does, 50 mana per mana burn
(06:40 / Allies) Gospel-: Better on fs? Sure.
(06:50 / Allies) 3v4: that's just your opinion, man
(06:52 / Allies) humans-are-rats: units
(07:04 / Allies) Gospel-: Level 1 tc, 0 units, 2k gold and still talking.
(07:10 / Allies) 3v4: And?
(07:17 / Allies) Gospel-: And shut up.
(07:22 / Allies) 3v4: Why should I?
(07:26 / Allies) 3v4: It's a free country
(07:38 / Allies) Gospel-: Do not give lessons when you do not know the game.
(07:47 / Allies) 3v4: I've been playing since 2002, how about you?
(08:02 / All) 3v4: raped
(08:47 / Allies) Gospel-: Same and you are not able to micro.
(08:55 / Allies) Gospel-: Not able to macro too. Funny.
(09:20 / Allies) 3v4: haha
(09:24 / Allies) 3v4: HAHA
(11:24 / Allies) 3v4: got a hero bug for a sec
(12:08 / Allies) 3v4: haha u suck buddy
(12:29 / Allies) 3v4: Marn will survive, you mad?
(13:49 / Allies) 3v4: haha
(13:52 / Allies) 3v4: lul
(14:00 / Allies) 3v4: HAHA
(14:06 / Allies) 3v4: u suck bud